Islanders vs Sharks
Created - December 1, 2024 at 09:31
Goals
|
| Islanders |
0 |
0 |
2 |
2 |
| Sharks |
1 |
1 |
2 |
4 |
|
Shots
|
| Islanders |
7 |
10 |
12 |
29 |
| Sharks |
9 |
9 |
15 |
33 |
|
1st period
1. Sharks , Zach Parise 4 (Wayne Simmonds 7, Boone Jenner 6) at 11:18
Penalties :
Steven Stamkos (S.J) for Delaying the game (Minor) at 0:34, Garnet Hathaway (NyI) for Tripping (Minor) at 17:14
2nd period
2. Sharks , Boone Jenner 7 (Drew Doughty 13, Mike Lundin 4) at 10:34 (PP)
Penalties :
Michael Latta (NyI) for Cross-checking (Minor) at 9:58, Gabriel Carlsson (NyI) for Roughing (Minor) at 16:21
3rd period
3. Islanders , Brayden Schenn 9 (Vladimir Tarasenko 14, Brock McGinn 11) at 9:02
4. Sharks , Markus Nutivaara 2 (Zach Parise 7, Boone Jenner 7) at 12:35
5. Sharks , Steven Stamkos 14 (Drew Doughty 14, Conor Sheary 11) at 14:56
6. Islanders , Garnet Hathaway 4 (Brandon Sutter 10, Ryan Ellis 17) at 19:57
Penalties :
Vince Hinostroza (S.J) for Hooking (Minor) at 3:33, Brayden Schenn (NyI) for Hooking (Minor) at 9:20, Ronalds Kenins (S.J) for Roughing (Minor) at 16:06
Goalie Stats
Tyler Weiman (NyI), 29 saves from 33 shots - (0.879), L, 8-6-1, 60:00 minutes
Philipp Grubauer (S.J), 27 saves from 29 shots - (0.931), W, 12-3-2, 60:00 minutes
Players Stats for Islanders
Player Name G A P +/- PIM S H SB GA TA FO MP PP MP PK MP
------------------------------------------------------------------------------------
Brady Skjei 0 0 0 -2 0 1 1 0 1 0 0/0 11:21 0:00 0:00
Brandon Sutter 0 1 1 1 0 2 2 0 1 1 7/19 18:09 2:41 2:33
Brayden Schenn 1 0 1 -1 2 5 1 0 0 0 20/31 21:58 3:14 2:54
Brian Ferlin 0 0 0 -1 0 0 1 0 0 0 0/0 7:53 0:02 0:00
Brock McGinn 0 1 1 -1 0 2 1 1 2 0 2/2 22:48 3:02 4:00
Dylan McIlrath 0 0 0 -1 0 1 0 1 0 1 0/0 19:44 2:30 1:58
Emerson Etem 0 0 0 0 0 1 0 0 1 0 0/0 13:00 0:02 1:31
Gabriel Carlsson 0 0 0 -2 2 0 1 2 0 0 0/0 11:20 0:00 0:00
Garnet Hathaway 1 0 1 1 2 5 0 0 1 0 0/0 15:35 2:41 0:00
Jamie Arniel 0 0 0 -1 0 0 2 0 0 1 0/1 8:43 0:00 1:09
Jason Akeson 0 0 0 0 0 0 3 0 0 0 0/0 10:53 0:00 0:00
Kellan Lain 0 0 0 1 0 0 1 0 0 0 0/0 16:18 2:41 0:59
Michael Latta 0 0 0 0 2 1 3 0 0 0 3/8 11:28 0:14 0:00
Nikita Zadorov 0 0 0 2 0 0 0 3 0 0 0/0 28:55 3:27 4:35
Ryan Ellis 0 1 1 2 0 3 2 2 0 1 0/0 28:55 3:27 4:35
Sergei Plotnikov 0 0 0 -1 0 1 0 0 0 0 0/0 7:34 0:00 0:00
Vladimir Tarasenko 0 1 1 -1 0 7 2 1 0 0 0/0 19:05 3:14 0:00
Yann Sauvé 0 0 0 -1 0 0 2 0 0 1 0/0 19:44 2:30 1:58
Players Stats for Sharks
Player Name G A P +/- PIM S H SB GA TA FO MP PP MP PK MP
------------------------------------------------------------------------------------
Andreas Martinsen 0 0 0 -1 0 3 0 0 0 0 0/0 12:25 0:00 1:46
Beau Bennett 0 0 0 -1 0 2 1 0 0 0 0/0 10:33 0:00 0:00
Boone Jenner 1 2 3 2 0 3 3 0 0 0 8/11 17:25 2:40 2:06
Brendan Gaunce 0 0 0 0 0 2 0 0 1 0 1/3 8:19 0:00 0:43
Connor Murphy 0 0 0 1 0 0 1 1 0 0 0/0 12:44 0:00 0:00
Conor Sheary 0 1 1 0 0 3 1 0 1 1 0/1 20:15 3:53 0:00
Drew Doughty 0 2 2 0 0 2 1 0 0 1 0/0 28:10 4:04 3:19
Jeremy Morin 0 0 0 0 0 2 2 1 0 0 0/0 8:25 0:00 0:35
MacKenzie Weegar 0 0 0 1 0 0 0 0 0 0 0/0 12:44 0:00 0:00
Markus Nutivaara 1 0 1 0 0 1 0 0 0 0 0/0 19:06 2:29 2:38
Mike Lundin 0 1 1 0 0 0 5 1 0 0 0/0 28:10 4:04 3:19
Oscar Sundqvist 0 0 0 -1 0 0 4 0 0 0 1/5 10:57 0:00 0:00
Ronalds Kenins 0 0 0 0 2 1 0 0 0 2 1/1 22:43 3:53 2:07
Steven Stamkos 1 0 1 0 2 11 2 0 0 1 17/36 22:32 3:53 2:12
Tyler Myers 0 0 0 0 0 0 1 1 0 0 0/0 19:06 2:29 2:38
Vince Hinostroza 0 0 0 0 2 0 1 0 0 0 0/0 7:31 0:00 0:00
Wayne Simmonds 0 1 1 2 0 0 1 0 1 1 0/0 15:17 2:40 0:00
Zach Parise 1 1 2 2 0 3 1 2 2 0 1/4 17:38 2:40 2:25
3 Stars
1 - Boone Jenner (S.J)
2 - Zach Parise (S.J)
3 - Mike Lundin (S.J)
Power Play
Islanders - 0 on 3 Attempt(s) - 0.00%
Sharks - 1 on 4 Attempt(s) - 25.00%
Penalty Kill
Islanders - 3 on 4 Attempt(s) - 75.00%
- Score 0 goal in Penalty Kill
Sharks - 3 on 3 Attempt(s) - 100.00%
- Score 0 goal in Penalty Kill
Team Stat
Islanders - Hits : 22 - Faceoff Wins : 32 - Blocked Shots : 10 - Penalty Minutes : 8
Sharks - Hits : 24 - Faceoff Wins : 29 - Blocked Shots : 6 - Penalty Minutes : 6
Official
Referees : Jean Hebert and Brandon Blandina
Linesman : Tony Sericolo and Pierre Racicot
Game Notes
No Game Note
Finance
Level 1 -- Attendance: 5382 (89.70%) -- Ticket Income $538,200
Level 2 -- Attendance: 4983 (99.66%) -- Ticket Income $348,810
Level 3 -- Attendance: 2000 (100.00%) -- Ticket Income $80,000
Level 4 -- Attendance: 4000 (100.00%) -- Ticket Income $120,000
Luxury Box -- Attendance: 1000 (100.00%) -- Ticket Income $200,000
Game was played at the SAP Center.
Total Attendance: 17365 (96.47%)
Total Ticket Income: $1,287,010
Other Income: $193,052
Total Income: $1,480,062
Islanders
5 vs 5 Forward
Center Left Wing Right Wing Time % Phy DF OF
1 Brayden Schenn Brock McGinn Vladimir Tarasenko 40 1 2 2
2 Brandon Sutter Kellan Lain Garnet Hathaway 30 1 2 2
3 Michael Latta Emerson Etem Jason Akeson 20 1 2 2
4 Jamie Arniel Sergei Plotnikov Brian Ferlin 10 1 2 2
5 vs 5 Defense
Defense Defense Time % Phy DF OF
1 Ryan Ellis Nikita Zadorov 40 1 2 2
2 Yann Sauvé Dylan McIlrath 30 1 2 2
3 Brady Skjei Gabriel Carlsson 20 1 2 2
4 Ryan Ellis Nikita Zadorov 10 1 2 2
PowerPlay Forward
Center Left Wing Right Wing Time % Phy DF OF
1 Brayden Schenn Brock McGinn Vladimir Tarasenko 60 1 2 2
2 Brandon Sutter Kellan Lain Garnet Hathaway 40 1 2 2
PowerPlay Defense
Defense Defense Time % Phy DF OF
1 Ryan Ellis Nikita Zadorov 60 1 2 2
2 Yann Sauvé Dylan McIlrath 40 1 2 2
Penalty Kill 4 Players Forward
Center Wing Time % Phy DF OF
1 Brayden Schenn Brock McGinn 60 1 2 2
2 Brandon Sutter Kellan Lain 40 1 2 2
Penalty Kill 4 Players Defense
Defense Defense Time % Phy DF OF
1 Ryan Ellis Nikita Zadorov 60 1 2 2
2 Yann Sauvé Dylan McIlrath 40 1 2 2
Penalty Kill - 3 Players Forward
Forward Time % Phy DF OF
1 Brayden Schenn 60 1 2 2
2 Brandon Sutter 40 1 2 2
Penalty Kill - 3 Players Defense
Defense Defense Time % Phy DF OF
1 Ryan Ellis Nikita Zadorov 60 1 2 2
2 Yann Sauvé Dylan McIlrath 40 1 2 2
4 vs 4 Forward
Center Wing Time % Phy DF OF
1 Brayden Schenn Brock McGinn 60 1 2 2
2 Brandon Sutter Kellan Lain 40 1 2 2
4 vs 4 Defense
Defense Defense Time % Phy DF OF
1 Ryan Ellis Nikita Zadorov 60 1 2 2
2 Yann Sauvé Dylan McIlrath 40 1 2 2
Last Minutes Offensive
Center Left Wing Right Wing Defense Defense
Brayden Schenn Brock McGinn Vladimir Tarasenko Ryan Ellis Nikita Zadorov
Last Minutes Defensive
Center Left Wing Right Wing Defense Defense
Brayden Schenn Brock McGinn Vladimir Tarasenko Ryan Ellis Nikita Zadorov
Goaltenders
Starting : Tyler Weiman
Backup : Joonas Korpisalo
Extra Forwards
Normal : Brandon Sutter, Michael Latta, Garnet Hathaway - PP : Brandon Sutter, Michael Latta - PK : Brandon Sutter
Extra Defensemen
Normal : Dylan McIlrath, Brady Skjei, Gabriel Carlsson - PP : Dylan McIlrath - PK : Dylan McIlrath, Brady Skjei
Penalty Shots
Vladimir Tarasenko, Brayden Schenn, Brock McGinn, Kellan Lain, Brandon Sutter
Custom OT Lines Forwards
Vladimir Tarasenko, Brayden Schenn, Brock McGinn, Kellan Lain, Brandon Sutter, Michael Latta, Garnet Hathaway, Jason Akeson, Emerson Etem, Jamie Arniel
Custom OT Lines Defensemen
Ryan Ellis, Nikita Zadorov, Yann Sauvé, Brady Skjei, Dylan McIlrath
Scratches
Jordan Greenway (Healthy)
Sharks
5 vs 5 Forward
Center Left Wing Right Wing Time % Phy DF OF
1 Steven Stamkos Ronalds Kenins Conor Sheary 40 1 2 2
2 Boone Jenner Zach Parise Wayne Simmonds 30 1 2 2
3 Oscar Sundqvist Andreas Martinsen Beau Bennett 20 1 2 2
4 Brendan Gaunce Jeremy Morin Vince Hinostroza 10 1 2 2
5 vs 5 Defense
Defense Defense Time % Phy DF OF
1 Drew Doughty Mike Lundin 40 1 2 2
2 Markus Nutivaara Tyler Myers 30 1 2 2
3 Connor Murphy MacKenzie Weegar 20 1 2 2
4 Drew Doughty Mike Lundin 10 1 2 2
PowerPlay Forward
Center Left Wing Right Wing Time % Phy DF OF
1 Steven Stamkos Ronalds Kenins Conor Sheary 60 0 2 3
2 Boone Jenner Zach Parise Wayne Simmonds 40 0 2 3
PowerPlay Defense
Defense Defense Time % Phy DF OF
1 Drew Doughty Mike Lundin 60 0 2 3
2 Markus Nutivaara Tyler Myers 40 0 2 3
Penalty Kill 4 Players Forward
Center Wing Time % Phy DF OF
1 Steven Stamkos Ronalds Kenins 60 1 3 1
2 Boone Jenner Zach Parise 40 1 3 1
Penalty Kill 4 Players Defense
Defense Defense Time % Phy DF OF
1 Drew Doughty Mike Lundin 60 1 3 1
2 Markus Nutivaara Tyler Myers 40 1 3 1
Penalty Kill - 3 Players Forward
Forward Time % Phy DF OF
1 Steven Stamkos 60 1 4 0
2 Boone Jenner 40 1 4 0
Penalty Kill - 3 Players Defense
Defense Defense Time % Phy DF OF
1 Drew Doughty Mike Lundin 60 1 4 0
2 Markus Nutivaara Tyler Myers 40 1 4 0
4 vs 4 Forward
Center Wing Time % Phy DF OF
1 Steven Stamkos Ronalds Kenins 60 1 2 2
2 Boone Jenner Zach Parise 40 1 2 2
4 vs 4 Defense
Defense Defense Time % Phy DF OF
1 Drew Doughty Mike Lundin 60 1 2 2
2 Markus Nutivaara Tyler Myers 40 1 2 2
Last Minutes Offensive
Center Left Wing Right Wing Defense Defense
Steven Stamkos Ronalds Kenins Conor Sheary Drew Doughty Mike Lundin
Last Minutes Defensive
Center Left Wing Right Wing Defense Defense
Steven Stamkos Ronalds Kenins Conor Sheary Drew Doughty Mike Lundin
Goaltenders
Starting : Philipp Grubauer
Backup : Malcolm Subban
Extra Forwards
Normal : Zach Parise, Oscar Sundqvist, Wayne Simmonds - PP : Zach Parise, Oscar Sundqvist - PK : Zach Parise
Extra Defensemen
Normal : Connor Murphy, Markus Nutivaara, MacKenzie Weegar - PP : Connor Murphy - PK : Connor Murphy, MacKenzie Weegar
Penalty Shots
Steven Stamkos, Conor Sheary, Boone Jenner, Ronalds Kenins, Zach Parise
Custom OT Lines Forwards
Steven Stamkos, Conor Sheary, Boone Jenner, Ronalds Kenins, Zach Parise, Oscar Sundqvist, Wayne Simmonds, Brendan Gaunce, Beau Bennett, Andreas Martinsen
Custom OT Lines Defensemen
Drew Doughty, Mike Lundin, Markus Nutivaara, Tyler Myers, Connor Murphy
Scratches
Gustav Nyquist (Healthy), Logan Stanley (Healthy)
% Time on Ice - Islanders
Lines # - Real PCT - Wanted PCT - Time Play
Normal Forward
1 - 35% - 40% - 16:25
2 - 27% - 30% - 12:38
3 - 23% - 20% - 10:53
4 - 16% - 10% - 7:34
Normal Defense
1 - 37% - 40% - 17:28
2 - 32% - 30% - 15:16
3 - 24% - 20% - 11:21
4 - 7% - 10% - 3:25
PP Forward
1 - 55% - 60% - 3:16
2 - 45% - 40% - 2:41
PP Defense
1 - 58% - 60% - 3:27
2 - 42% - 40% - 2:30
PK Forward
1 - 85% - 60% - 5:34
2 - 15% - 40% - 0:59
PK Defense
1 - 70% - 60% - 4:35
2 - 30% - 40% - 1:58
PK3 Forward
1 - 0% - 60%
2 - 0% - 40%
PK3 Defense
1 - 0% - 60%
2 - 0% - 40%
44 Forward
1 - 0% - 60%
2 - 0% - 40%
44 Defense
1 - 0% - 60%
2 - 0% - 40%
Last Minute Offensive - 0:00
Last Minute Defensive - 0:00
Total
Forward - 60:00
Defense - 60:00
|
% Time on Ice - Sharks
Lines # - Real PCT - Wanted PCT - Time Play
Normal Forward
1 - 35% - 40% - 16:44
2 - 27% - 30% - 12:43
3 - 22% - 20% - 10:33
4 - 16% - 10% - 7:30
Normal Defense
1 - 40% - 40% - 19:10
2 - 29% - 30% - 13:59
3 - 27% - 20% - 12:44
4 - 3% - 10% - 1:37
PP Forward
1 - 59% - 60% - 3:53
2 - 41% - 40% - 2:40
PP Defense
1 - 62% - 60% - 4:04
2 - 38% - 40% - 2:29
PK Forward
1 - 87% - 60% - 5:10
2 - 13% - 40% - 0:47
PK Defense
1 - 56% - 60% - 3:19
2 - 44% - 40% - 2:38
PK3 Forward
1 - 0% - 60%
2 - 0% - 40%
PK3 Defense
1 - 0% - 60%
2 - 0% - 40%
44 Forward
1 - 0% - 60%
2 - 0% - 40%
44 Defense
1 - 0% - 60%
2 - 0% - 40%
Last Minute Offensive - 0:00
Last Minute Defensive - 0:00
Total
Forward - 60:00
Defense - 60:00
|
Play-by-Play
1st period
0:01 of 1st period - Brayden Schenn wins face-off versus Steven Stamkos in neutral zone.
0:04 of 1st period - Slapshot by Vladimir Tarasenko.
0:04 of 1st period - Stopped by Philipp Grubauer without a rebound.
0:05 of 1st period - Brayden Schenn wins face-off versus Steven Stamkos in Sharks zone.
0:10 of 1st period - Wrist shot by Vladimir Tarasenko.
0:10 of 1st period - Deflect By Brayden Schenn.
0:10 of 1st period - Stopped by Philipp Grubauer with a rebound.
0:34 of 1st period - Minor Penalty to Steven Stamkos for Delaying the game.
0:35 of 1st period - Brayden Schenn wins face-off versus Zach Parise in Sharks zone.
0:35 of 1st period - Slapshot by Vladimir Tarasenko.
0:35 of 1st period - Stopped by Philipp Grubauer without a rebound.
0:36 of 1st period - Brayden Schenn wins face-off versus Zach Parise in Sharks zone.
1:23 of 1st period - Brock McGinn is hit by Boone Jenner and loses puck.
2:34 of 1st period - Penalty to Steven Stamkos is over, Steven Stamkos is back on ice.
4:11 of 1st period - Garnet Hathaway is hit by Boone Jenner and loses puck.
4:47 of 1st period - Mike Lundin is hit by Jason Akeson and loses puck.
5:20 of 1st period - Kellan Lain is hit by Steven Stamkos and loses puck.
5:38 of 1st period - MacKenzie Weegar is hit by Vladimir Tarasenko and loses puck.
6:53 of 1st period - Brady Skjei is hit by Mike Lundin and loses puck.
7:41 of 1st period - Mike Lundin is hit by Brian Ferlin and loses puck.
8:28 of 1st period - Nikita Zadorov is hit by Jeremy Morin and loses puck.
9:58 of 1st period - Brayden Schenn is hit by Vince Hinostroza and loses puck.
10:20 of 1st period - Jason Akeson is hit by Boone Jenner and loses puck.
10:33 of 1st period - Conor Sheary is hit by Gabriel Carlsson and loses puck.
10:58 of 1st period - Wrist shot by Beau Bennett.
10:58 of 1st period - Shot Misses the Net.
11:04 of 1st period - Slapshot by Beau Bennett.
11:04 of 1st period - Shot Misses the Net.
11:06 of 1st period - Slapshot by Andreas Martinsen.
11:06 of 1st period - Stopped by Tyler Weiman without a rebound.
11:07 of 1st period - Boone Jenner wins face-off versus Brayden Schenn in Islanders zone.
11:18 of 1st period - Wrist shot by Zach Parise.
11:18 of 1st period - Goal by Zach Parise - Islanders : 0 - Sharks : 1.
11:19 of 1st period - Brayden Schenn wins face-off versus Steven Stamkos in neutral zone.
11:36 of 1st period - Snap shot by Steven Stamkos.
11:36 of 1st period - Stopped by Tyler Weiman with a rebound.
11:46 of 1st period - Brayden Schenn is hit by Beau Bennett and loses puck.
12:09 of 1st period - Slapshot by Ryan Ellis.
12:09 of 1st period - Stopped by Philipp Grubauer without a rebound.
12:10 of 1st period - Brandon Sutter wins face-off versus Boone Jenner in Sharks zone.
12:25 of 1st period - Wrist shot by Garnet Hathaway.
12:25 of 1st period - Stopped by Philipp Grubauer with a rebound.
12:32 of 1st period - Icing by Drew Doughty.
12:33 of 1st period - Ronalds Kenins wins face-off versus Michael Latta in Sharks zone.
12:40 of 1st period - Slapshot by Steven Stamkos.
12:40 of 1st period - Stopped by Tyler Weiman with a rebound.
13:24 of 1st period - Snap shot by Garnet Hathaway.
13:24 of 1st period - Stopped by Philipp Grubauer with a rebound.
14:14 of 1st period - Snap shot by Steven Stamkos.
14:14 of 1st period - Shot Misses the Net.
15:06 of 1st period - Beau Bennett is hit by Michael Latta and loses puck.
16:16 of 1st period - Off-side.
16:17 of 1st period - Brayden Schenn wins face-off versus Steven Stamkos in neutral zone.
16:20 of 1st period - Wrist shot by Vladimir Tarasenko.
16:20 of 1st period - Shot Misses the Net.
16:22 of 1st period - Snap shot by Ryan Ellis.
16:22 of 1st period - Stopped by Philipp Grubauer without a rebound.
16:23 of 1st period - Steven Stamkos wins face-off versus Brayden Schenn in Sharks zone.
16:23 of 1st period - Steven Stamkos is hit by Brock McGinn.
16:39 of 1st period - Snap shot by Steven Stamkos.
16:39 of 1st period - Shot Blocked by Nikita Zadorov.
16:53 of 1st period - Snap shot by Brayden Schenn.
16:53 of 1st period - Shot Blocked by Connor Murphy.
17:02 of 1st period - Off-side.
17:03 of 1st period - Brandon Sutter wins face-off versus Zach Parise in neutral zone.
17:11 of 1st period - Mike Lundin is hit by Kellan Lain.
17:14 of 1st period - Minor Penalty to Garnet Hathaway for Tripping.
17:15 of 1st period - Brayden Schenn wins face-off versus Steven Stamkos in Islanders zone.
17:21 of 1st period - Slapshot by Steven Stamkos.
17:21 of 1st period - Stopped by Tyler Weiman without a rebound.
17:22 of 1st period - Steven Stamkos wins face-off versus Brayden Schenn in Islanders zone.
18:03 of 1st period - Snap shot by Conor Sheary.
18:03 of 1st period - Shot Blocked by Ryan Ellis.
18:39 of 1st period - Wrist shot by Conor Sheary.
18:39 of 1st period - Stopped by Tyler Weiman without a rebound.
18:40 of 1st period - Boone Jenner wins face-off versus Brandon Sutter in Islanders zone.
19:11 of 1st period - Zach Parise is hit by Brandon Sutter and loses puck.
19:14 of 1st period - Penalty to Garnet Hathaway is over, Garnet Hathaway is back on ice.
19:26 of 1st period - Wrist shot by Brendan Gaunce.
19:26 of 1st period - Stopped by Tyler Weiman with a rebound.
19:28 of 1st period - Snap shot by Brendan Gaunce.
19:28 of 1st period - Stopped by Tyler Weiman with a rebound.
19:30 of 1st period - Snap shot by Jeremy Morin.
19:30 of 1st period - Stopped by Tyler Weiman without a rebound.
19:31 of 1st period - Brendan Gaunce wins face-off versus Jamie Arniel in Islanders zone.
19:34 of 1st period - Wrist shot by Brendan Gaunce.
19:34 of 1st period - Shot Blocked by Gabriel Carlsson.
19:46 of 1st period - Jeremy Morin is hit by Jamie Arniel and loses puck.
Goals for this period are 0 for Islanders vs 1 for Sharks.
Shots for this period are 7 for Islanders vs 9 for Sharks.
2nd period
0:01 of 2nd period - Steven Stamkos wins face-off versus Brayden Schenn in neutral zone.
0:50 of 2nd period - Michael Latta is hit by Oscar Sundqvist and loses puck.
1:09 of 2nd period - Wrist shot by Dylan McIlrath.
1:09 of 2nd period - Stopped by Philipp Grubauer with a rebound.
1:11 of 2nd period - Snap shot by Brock McGinn.
1:11 of 2nd period - Stopped by Philipp Grubauer with a rebound.
1:13 of 2nd period - Snap shot by Brayden Schenn.
1:13 of 2nd period - Stopped by Philipp Grubauer without a rebound.
1:14 of 2nd period - Brayden Schenn wins face-off versus Conor Sheary in Sharks zone.
1:31 of 2nd period - Snap shot by Steven Stamkos.
1:31 of 2nd period - Stopped by Tyler Weiman without a rebound.
1:32 of 2nd period - Boone Jenner wins face-off versus Brandon Sutter in Islanders zone.
1:45 of 2nd period - Wrist shot by Brandon Sutter.
1:45 of 2nd period - Deflect By Garnet Hathaway.
1:45 of 2nd period - Shot Blocked by Zach Parise.
1:45 of 2nd period - Puck is out of play.
1:46 of 2nd period - Brock McGinn wins face-off versus Steven Stamkos in Sharks zone.
2:36 of 2nd period - Icing by Drew Doughty.
2:37 of 2nd period - Michael Latta wins face-off versus Oscar Sundqvist in Sharks zone.
2:48 of 2nd period - Wrist shot by Oscar Sundqvist.
2:48 of 2nd period - Shot Misses the Net.
2:50 of 2nd period - Wrist shot by Andreas Martinsen.
2:50 of 2nd period - Stopped by Tyler Weiman with a rebound.
2:52 of 2nd period - Slapshot by Drew Doughty.
2:52 of 2nd period - Stopped by Tyler Weiman with a rebound.
2:54 of 2nd period - Wrist shot by Andreas Martinsen.
2:54 of 2nd period - Shot Misses the Net.
2:56 of 2nd period - Wrist shot by Oscar Sundqvist.
2:56 of 2nd period - Deflect By Beau Bennett.
2:56 of 2nd period - Shot Misses the Net.
2:56 of 2nd period - Puck is out of play.
2:57 of 2nd period - Brayden Schenn wins face-off versus Steven Stamkos in Islanders zone.
3:02 of 2nd period - Snap shot by Brock McGinn.
3:02 of 2nd period - Shot Misses the Net.
3:24 of 2nd period - Markus Nutivaara is hit by Ryan Ellis.
3:49 of 2nd period - Wrist shot by Andreas Martinsen.
3:49 of 2nd period - Shot Misses the Net.
3:56 of 2nd period - Off-side.
3:57 of 2nd period - Brayden Schenn wins face-off versus Steven Stamkos in neutral zone.
4:09 of 2nd period - Brock McGinn is hit by Steven Stamkos and loses puck.
4:14 of 2nd period - Wrist shot by Steven Stamkos.
4:14 of 2nd period - Shot Misses the Net.
4:29 of 2nd period - Wrist shot by Boone Jenner.
4:29 of 2nd period - Stopped by Tyler Weiman with a rebound.
4:31 of 2nd period - Snap shot by Zach Parise.
4:31 of 2nd period - Shot Blocked by Gabriel Carlsson.
4:55 of 2nd period - Snap shot by Brady Skjei.
4:55 of 2nd period - Stopped by Philipp Grubauer with a rebound.
4:57 of 2nd period - Snap shot by Michael Latta.
4:57 of 2nd period - Shot Misses the Net.
5:29 of 2nd period - Wrist shot by Nikita Zadorov.
5:29 of 2nd period - Shot Blocked by Jeremy Morin.
6:07 of 2nd period - Snap shot by Jeremy Morin.
6:07 of 2nd period - Stopped by Tyler Weiman without a rebound.
6:08 of 2nd period - Steven Stamkos wins face-off versus Brandon Sutter in Islanders zone.
6:35 of 2nd period - Slapshot by MacKenzie Weegar.
6:35 of 2nd period - Deflect By Boone Jenner.
6:35 of 2nd period - Shot Blocked by Brock McGinn.
6:35 of 2nd period - Puck is out of play.
6:36 of 2nd period - Brayden Schenn wins face-off versus Boone Jenner in Islanders zone.
6:45 of 2nd period - Snap shot by Ryan Ellis.
6:45 of 2nd period - Shot Misses the Net.
6:47 of 2nd period - Slapshot by Nikita Zadorov.
6:47 of 2nd period - Shot Misses the Net.
6:49 of 2nd period - Slapshot by Nikita Zadorov.
6:49 of 2nd period - Shot Misses the Net.
6:51 of 2nd period - Snap shot by Brayden Schenn.
6:51 of 2nd period - Stopped by Philipp Grubauer without a rebound.
6:52 of 2nd period - Steven Stamkos wins face-off versus Brandon Sutter in Sharks zone.
7:35 of 2nd period - Slapshot by Brayden Schenn.
7:35 of 2nd period - Deflect By Vladimir Tarasenko.
7:35 of 2nd period - Stopped by Philipp Grubauer with a rebound.
7:44 of 2nd period - Off-side.
7:45 of 2nd period - Michael Latta wins face-off versus Oscar Sundqvist in neutral zone.
8:10 of 2nd period - Dylan McIlrath is hit by Tyler Myers and loses puck.
8:31 of 2nd period - Snap shot by Jamie Arniel.
8:31 of 2nd period - Shot Misses the Net.
8:33 of 2nd period - Snap shot by Jamie Arniel.
8:33 of 2nd period - Shot Misses the Net.
8:35 of 2nd period - Slapshot by Gabriel Carlsson.
8:35 of 2nd period - Shot Blocked by Tyler Myers.
8:45 of 2nd period - Wrist shot by Steven Stamkos.
8:45 of 2nd period - Shot Blocked by Ryan Ellis.
8:51 of 2nd period - Wrist shot by Steven Stamkos.
8:51 of 2nd period - Stopped by Tyler Weiman without a rebound.
8:52 of 2nd period - Brayden Schenn wins face-off versus Boone Jenner in Islanders zone.
8:52 of 2nd period - Brayden Schenn is hit by Mike Lundin.
9:34 of 2nd period - Icing by Drew Doughty.
9:35 of 2nd period - Michael Latta wins face-off versus Brendan Gaunce in Sharks zone.
9:38 of 2nd period - Wrist shot by Emerson Etem.
9:38 of 2nd period - Shot Blocked by Mike Lundin.
9:48 of 2nd period - Wrist shot by Michael Latta.
9:48 of 2nd period - Shot Misses the Net.
9:58 of 2nd period - Minor Penalty to Michael Latta for Cross-checking.
9:59 of 2nd period - Brayden Schenn wins face-off versus Steven Stamkos in Islanders zone.
10:34 of 2nd period - Slapshot by Drew Doughty.
10:34 of 2nd period - Deflect By Boone Jenner.
10:34 of 2nd period - Goal by Boone Jenner - Islanders : 0 - Sharks : 2.
10:35 of 2nd period - Steven Stamkos wins face-off versus Brayden Schenn in neutral zone.
11:25 of 2nd period - Tyler Myers is hit by Michael Latta and loses puck.
11:34 of 2nd period - Slapshot by Markus Nutivaara.
11:34 of 2nd period - Shot Misses the Net.
11:46 of 2nd period - Vince Hinostroza is hit by Yann Sauvé and loses puck.
12:58 of 2nd period - Nikita Zadorov is hit by Oscar Sundqvist and loses puck.
13:04 of 2nd period - Icing by Nikita Zadorov.
13:05 of 2nd period - Steven Stamkos wins face-off versus Michael Latta in Islanders zone.
13:40 of 2nd period - Wrist shot by Zach Parise.
13:40 of 2nd period - Shot Blocked by Nikita Zadorov.
13:52 of 2nd period - Emerson Etem is hit by Jeremy Morin.
14:14 of 2nd period - Conor Sheary is hit by Brayden Schenn and loses puck.
14:41 of 2nd period - Snap shot by Brandon Sutter.
14:41 of 2nd period - Shot Misses the Net.
14:43 of 2nd period - Wrist shot by Brandon Sutter.
14:43 of 2nd period - Stopped by Philipp Grubauer with a rebound.
14:45 of 2nd period - Snap shot by Garnet Hathaway.
14:45 of 2nd period - Shot Misses the Net.
14:57 of 2nd period - Wrist shot by Sergei Plotnikov.
14:57 of 2nd period - Stopped by Philipp Grubauer with a rebound.
15:03 of 2nd period - Slapshot by Sergei Plotnikov.
15:03 of 2nd period - Shot Misses the Net.
15:05 of 2nd period - Snap shot by Sergei Plotnikov.
15:05 of 2nd period - Shot Misses the Net.
15:15 of 2nd period - Vince Hinostroza is hit by Yann Sauvé and loses puck.
16:08 of 2nd period - Off-side.
16:09 of 2nd period - Steven Stamkos wins face-off versus Brandon Sutter in neutral zone.
16:14 of 2nd period - Wrist shot by Steven Stamkos.
16:14 of 2nd period - Stopped by Tyler Weiman without a rebound.
16:15 of 2nd period - Steven Stamkos wins face-off versus Brandon Sutter in Islanders zone.
16:18 of 2nd period - Snap shot by Steven Stamkos.
16:18 of 2nd period - Stopped by Tyler Weiman without a rebound.
16:19 of 2nd period - Brandon Sutter wins face-off versus Steven Stamkos in Islanders zone.
16:21 of 2nd period - Minor Penalty to Gabriel Carlsson for Roughing.
16:22 of 2nd period - Steven Stamkos wins face-off versus Brayden Schenn in Islanders zone.
18:21 of 2nd period - Penalty to Gabriel Carlsson is over, Gabriel Carlsson is back on ice.
18:35 of 2nd period - Snap shot by Garnet Hathaway.
18:35 of 2nd period - Stopped by Philipp Grubauer without a rebound.
18:36 of 2nd period - Brandon Sutter wins face-off versus Oscar Sundqvist in Sharks zone.
19:03 of 2nd period - Gabriel Carlsson is hit by Connor Murphy and loses puck.
19:32 of 2nd period - Snap shot by Brock McGinn.
19:32 of 2nd period - Stopped by Philipp Grubauer without a rebound.
19:33 of 2nd period - Brayden Schenn wins face-off versus Steven Stamkos in Sharks zone.
Goals for this period are 0 for Islanders vs 1 for Sharks.
Shots for this period are 10 for Islanders vs 9 for Sharks.
3rd period
0:01 of 3rd period - Steven Stamkos wins face-off versus Brayden Schenn in neutral zone.
0:12 of 3rd period - Snap shot by Steven Stamkos.
0:12 of 3rd period - Shot Blocked by Vladimir Tarasenko.
0:14 of 3rd period - Snap shot by Drew Doughty.
0:14 of 3rd period - Shot Blocked by Nikita Zadorov.
0:16 of 3rd period - Snap shot by Steven Stamkos.
0:16 of 3rd period - Stopped by Tyler Weiman without a rebound.
0:17 of 3rd period - Boone Jenner wins face-off versus Brandon Sutter in Islanders zone.
0:22 of 3rd period - Snap shot by Boone Jenner.
0:22 of 3rd period - Stopped by Tyler Weiman without a rebound.
0:23 of 3rd period - Zach Parise wins face-off versus Brandon Sutter in Islanders zone.
0:42 of 3rd period - Garnet Hathaway is hit by Mike Lundin and loses puck.
1:39 of 3rd period - Wrist shot by Zach Parise.
1:39 of 3rd period - Shot Misses the Net.
1:55 of 3rd period - Snap shot by Ryan Ellis.
1:55 of 3rd period - Shot Misses the Net.
2:09 of 3rd period - Slapshot by Brandon Sutter.
2:09 of 3rd period - Stopped by Philipp Grubauer without a rebound.
2:10 of 3rd period - Brayden Schenn wins face-off versus Steven Stamkos in Sharks zone.
2:19 of 3rd period - Wrist shot by Vladimir Tarasenko.
2:19 of 3rd period - Stopped by Philipp Grubauer with a rebound.
2:21 of 3rd period - Snap shot by Brock McGinn.
2:21 of 3rd period - Deflect By Vladimir Tarasenko.
2:21 of 3rd period - Stopped by Philipp Grubauer with a rebound.
2:37 of 3rd period - Markus Nutivaara is hit by Jason Akeson.
2:43 of 3rd period - Wrist shot by Oscar Sundqvist.
2:43 of 3rd period - Shot Misses the Net.
2:45 of 3rd period - Backhand shot by Andreas Martinsen.
2:45 of 3rd period - Stopped by Tyler Weiman without a rebound.
2:46 of 3rd period - Steven Stamkos wins face-off versus Michael Latta in Islanders zone.
3:10 of 3rd period - Off-side.
3:11 of 3rd period - Brayden Schenn wins face-off versus Brendan Gaunce in neutral zone.
3:33 of 3rd period - Minor Penalty to Vince Hinostroza for Hooking.
3:34 of 3rd period - Steven Stamkos wins face-off versus Brayden Schenn in Sharks zone.
5:33 of 3rd period - Penalty to Vince Hinostroza is over, Vince Hinostroza is back on ice.
5:48 of 3rd period - Snap shot by Brendan Gaunce.
5:48 of 3rd period - Shot Misses the Net.
6:04 of 3rd period - Snap shot by Michael Latta.
6:04 of 3rd period - Shot Misses the Net.
6:06 of 3rd period - Slapshot by Nikita Zadorov.
6:06 of 3rd period - Deflect By Emerson Etem.
6:06 of 3rd period - Shot Misses the Net.
6:06 of 3rd period - Puck is out of play.
6:07 of 3rd period - Boone Jenner wins face-off versus Michael Latta in Sharks zone.
6:07 of 3rd period - Boone Jenner is hit by Brady Skjei.
6:40 of 3rd period - Slapshot by Drew Doughty.
6:40 of 3rd period - Deflect By Yann Sauvé.
6:40 of 3rd period - Stopped by Tyler Weiman with a rebound.
6:42 of 3rd period - Wrist shot by Beau Bennett.
6:42 of 3rd period - Stopped by Tyler Weiman with a rebound.
7:23 of 3rd period - Snap shot by Garnet Hathaway.
7:23 of 3rd period - Shot Misses the Net.
7:25 of 3rd period - Wrist shot by Brandon Sutter.
7:25 of 3rd period - Shot Misses the Net.
8:06 of 3rd period - Wrist shot by Beau Bennett.
8:06 of 3rd period - Stopped by Tyler Weiman with a rebound.
8:20 of 3rd period - Wrist shot by Vladimir Tarasenko.
8:20 of 3rd period - Deflect By Brayden Schenn.
8:20 of 3rd period - Shot Misses the Net.
8:20 of 3rd period - Puck is out of play.
8:21 of 3rd period - Brayden Schenn wins face-off versus Steven Stamkos in Sharks zone.
8:30 of 3rd period - Snap shot by Brayden Schenn.
8:30 of 3rd period - Stopped by Philipp Grubauer with a rebound.
8:48 of 3rd period - Slapshot by Vladimir Tarasenko.
8:48 of 3rd period - Stopped by Philipp Grubauer with a rebound.
9:00 of 3rd period - Wrist shot by Vladimir Tarasenko.
9:00 of 3rd period - Shot Misses the Net.
9:02 of 3rd period - Snap shot by Brayden Schenn.
9:02 of 3rd period - Goal by Brayden Schenn - Islanders : 1 - Sharks : 2.
9:03 of 3rd period - Boone Jenner wins face-off versus Brandon Sutter in neutral zone.
9:10 of 3rd period - Wrist shot by Boone Jenner.
9:10 of 3rd period - Shot Misses the Net.
9:12 of 3rd period - Slapshot by Drew Doughty.
9:12 of 3rd period - Deflect By Zach Parise.
9:12 of 3rd period - Stopped by Tyler Weiman without a rebound.
9:13 of 3rd period - Boone Jenner wins face-off versus Brandon Sutter in Islanders zone.
9:16 of 3rd period - Slapshot by Zach Parise.
9:16 of 3rd period - Stopped by Tyler Weiman without a rebound.
9:17 of 3rd period - Brayden Schenn wins face-off versus Steven Stamkos in Islanders zone.
9:17 of 3rd period - Brayden Schenn is hit by Mike Lundin.
9:20 of 3rd period - Minor Penalty to Brayden Schenn for Hooking.
9:21 of 3rd period - Brock McGinn wins face-off versus Steven Stamkos in Islanders zone.
10:13 of 3rd period - Slapshot by Emerson Etem.
10:13 of 3rd period - Stopped by Philipp Grubauer without a rebound.
10:14 of 3rd period - Brandon Sutter wins face-off versus Steven Stamkos in Sharks zone.
10:25 of 3rd period - Tyler Myers is hit by Brandon Sutter and loses puck.
10:43 of 3rd period - Markus Nutivaara is hit by Ryan Ellis and loses puck.
11:20 of 3rd period - Penalty to Brayden Schenn is over, Brayden Schenn is back on ice.
11:26 of 3rd period - Kellan Lain is hit by Drew Doughty and loses puck.
11:49 of 3rd period - Brian Ferlin is hit by Mike Lundin and loses puck.
12:09 of 3rd period - Mike Lundin is hit by Jason Akeson and loses puck.
12:16 of 3rd period - Brady Skjei is hit by Conor Sheary and loses puck.
12:35 of 3rd period - Slapshot by Markus Nutivaara.
12:35 of 3rd period - Goal by Markus Nutivaara - Islanders : 1 - Sharks : 3.
12:36 of 3rd period - Steven Stamkos wins face-off versus Brandon Sutter in neutral zone.
12:45 of 3rd period - Wrist shot by Conor Sheary.
12:45 of 3rd period - Stopped by Tyler Weiman without a rebound.
12:46 of 3rd period - Brandon Sutter wins face-off versus Steven Stamkos in Islanders zone.
12:53 of 3rd period - Slapshot by Ryan Ellis.
12:53 of 3rd period - Deflect By Steven Stamkos.
12:53 of 3rd period - Stopped by Philipp Grubauer without a rebound.
12:54 of 3rd period - Brayden Schenn wins face-off versus Steven Stamkos in Sharks zone.
12:55 of 3rd period - Wrist shot by Vladimir Tarasenko.
12:55 of 3rd period - Stopped by Philipp Grubauer without a rebound.
12:56 of 3rd period - Steven Stamkos wins face-off versus Brayden Schenn in Sharks zone.
13:25 of 3rd period - Wrist shot by Brandon Sutter.
13:25 of 3rd period - Shot Blocked by Zach Parise.
13:27 of 3rd period - Wrist shot by Garnet Hathaway.
13:27 of 3rd period - Stopped by Philipp Grubauer with a rebound.
14:03 of 3rd period - Wrist shot by Steven Stamkos.
14:03 of 3rd period - Stopped by Tyler Weiman with a rebound.
14:05 of 3rd period - Slapshot by Connor Murphy.
14:05 of 3rd period - Deflect By Steven Stamkos.
14:05 of 3rd period - Shot Misses the Net.
14:05 of 3rd period - Puck is out of play.
14:06 of 3rd period - Steven Stamkos wins face-off versus Brayden Schenn in Islanders zone.
14:17 of 3rd period - Wrist shot by Conor Sheary.
14:17 of 3rd period - Stopped by Tyler Weiman with a rebound.
14:44 of 3rd period - Wrist shot by Ronalds Kenins.
14:44 of 3rd period - Stopped by Tyler Weiman with a rebound.
14:46 of 3rd period - Slapshot by Drew Doughty.
14:46 of 3rd period - Shot Misses the Net.
14:50 of 3rd period - Snap shot by Steven Stamkos.
14:50 of 3rd period - Stopped by Tyler Weiman with a rebound.
14:52 of 3rd period - Slapshot by Conor Sheary.
14:52 of 3rd period - Shot Blocked by Dylan McIlrath.
14:54 of 3rd period - Snap shot by Drew Doughty.
14:54 of 3rd period - Shot Misses the Net.
14:56 of 3rd period - Wrist shot by Steven Stamkos.
14:56 of 3rd period - Goal by Steven Stamkos - Islanders : 1 - Sharks : 4.
14:57 of 3rd period - Boone Jenner wins face-off versus Brayden Schenn in neutral zone.
15:04 of 3rd period - Vladimir Tarasenko is hit by Zach Parise and loses puck.
15:43 of 3rd period - Icing by Yann Sauvé.
15:44 of 3rd period - Steven Stamkos wins face-off versus Brandon Sutter in Islanders zone.
16:06 of 3rd period - Minor Penalty to Ronalds Kenins for Roughing.
16:07 of 3rd period - Brayden Schenn wins face-off versus Steven Stamkos in Sharks zone.
16:24 of 3rd period - Steven Stamkos is hit by Vladimir Tarasenko and loses puck.
18:06 of 3rd period - Penalty to Ronalds Kenins is over, Ronalds Kenins is back on ice.
18:12 of 3rd period - Slapshot by Jeremy Morin.
18:12 of 3rd period - Shot Misses the Net.
18:18 of 3rd period - Drew Doughty is hit by Michael Latta and loses puck.
18:29 of 3rd period - Brady Skjei is hit by Oscar Sundqvist and loses puck.
18:58 of 3rd period - Nikita Zadorov is hit by Oscar Sundqvist and loses puck.
19:07 of 3rd period - Brock McGinn is hit by Wayne Simmonds and loses puck.
19:36 of 3rd period - Conor Sheary is hit by Jamie Arniel and loses puck.
19:51 of 3rd period - Wrist shot by Michael Latta.
19:51 of 3rd period - Stopped by Philipp Grubauer without a rebound.
19:52 of 3rd period - Brandon Sutter wins face-off versus Oscar Sundqvist in Sharks zone.
19:57 of 3rd period - Wrist shot by Garnet Hathaway.
19:57 of 3rd period - Goal by Garnet Hathaway - Islanders : 2 - Sharks : 4.
19:58 of 3rd period - Oscar Sundqvist wins face-off versus Michael Latta in neutral zone.
Goals for this period are 2 for Islanders vs 2 for Sharks.
Shots for this period are 12 for Islanders vs 15 for Sharks.
Output by the SimonT Hockey Simulator (STHS) for Francois Prevost